AoeStats
← Nostradamos7031

Yucatan

510601137Analyzed
3v3 RM · 13h ago on Oct 1, 2026· 49m 56s· 6 players
Game mode
Random Map
Map size
Normal (6 player)
Population
200
Speed
Normal
Resources
Standard
Victory
Conquest
Starting age
Dark Age
Ending age
Imperial Age
RankedLock teamsTeams togetherTeam positionsShared explorationLock speedFull tech treeHidden civsTurbo modeCheats
Victory
Defeat
🇫🇷 Vikings · France
1160
+15
🇩🇪 Mongols · Germany
1071
+19
🇩🇪 Armenians · Germany
1031
+20
1179
-20
🇷🇺 Tatars · Russia
1164
-19
1063
-15
malzeit
3:00 Loom
10:37 Feudal Age
15:41 Castle Age
15:35 Double-Bit Axe
16:06 Scale Barding Armor
16:13 Forging
16:42 Bloodlines
16:33 Husbandry
19:34 Horse Collar
23:23 Gold Mining
25:33 Chain Barding Armor
27:50 Stone Mining
28:05 Heavy Plow
29:43 Iron Casting
32:13 Wheelbarrow
36:35 Imperial Age
34:21 Hand Cart
34:20 Bow Saw
36:37 Nomads
37:05 Elite Steppe Lancer
37:34 Capped Ram
38:28 Heavy Camel Rider
40:57 Elite Mangudai
42:00 Drill
42:27 Gold Shaft Mining
42:27 Stone Shaft Mining
43:17 Blast Furnace
43:10 Siege Ram
43:57 Onager
44:26 Light Cavalry
46:30 Cavalier
47:50 Conscription
JhonDir
0:36 Loom
12:35 Feudal Age
13:06 Double-Bit Axe
13:15 Gold Mining
12:53 Man-at-Arms
15:00 Scale Mail Armor
15:10 Forging
14:52 Fletching
16:02 Stone Mining
20:35 Scale Barding Armor
25:44 Castle Age
23:52 Padded Archer Armor
23:46 Long Swordsman
26:22 Bloodlines
26:56 Wheelbarrow
26:04 Two-Handed Swordsman
26:32 Gambesons
26:48 Squires
26:33 Arson
26:52 Champion
28:52 Bow Saw
29:44 Elite Skirmisher
31:04 Chain Mail Armor
31:25 Iron Casting
30:46 Bodkin Arrow
32:02 Horse Collar
33:33 Leather Archer Armor
33:29 Heavy Plow
34:09 Pikeman
35:13 Chain Barding Armor
36:08 Atonement
44:25 Imperial Age
42:13 Hand Cart
41:45 Town Watch
45:48 Conscription
45:00 Sappers
46:08 Hoardings
44:57 Elite Composite Bowman
46:34 Murder Holes
46:20 Treadmill Crane
47:46 Ballistics
48:27 Chemistry
48:13 Gold Shaft Mining
48:18 Ring Archer Armor
47:48 Bracer
48:19 Plate Mail Armor
48:49 Blast Furnace
48:23 Fereters
49:49 Halberdier
Nostradamos7031
4:04 Loom
11:50 Feudal Age
17:52 Castle Age
15:42 Double-Bit Axe
16:37 Fletching
17:54 Crossbowman
18:30 Bodkin Arrow
19:37 Bow Saw
21:04 Horse Collar
23:09 Town Watch
24:41 Padded Archer Armor
26:23 Ballistics
28:16 Heavy Plow
32:46 Scale Mail Armor
32:43 Stone Mining
32:44 Gold Mining
35:28 Imperial Age
33:42 Chain Mail Armor
33:58 Masonry
34:47 Gold Shaft Mining
34:29 Forging
35:17 Squires
35:02 Arson
35:53 Iron Casting
36:21 Bracer
37:23 Chemistry
35:48 Elite Berserk
36:55 Conscription
36:14 Arbalester
38:38 Blast Furnace
38:10 Plate Mail Armor
40:01 Blast Furnace
40:12 Hoardings
40:09 Architecture
39:45 Siege Engineers
40:19 Leather Archer Armor
42:39 Two-Man Saw
42:13 Ring Archer Armor
47:17 Bogsveigar
48:03 Chieftains
ausderbohneundindaslicht
9:34 Loom
13:11 Feudal Age
14:03 Gold Mining
17:42 Castle Age
17:30 Bloodlines
17:27 Scale Barding Armor
19:04 Gold Shaft Mining
21:52 Chain Barding Armor
24:14 Wheelbarrow
24:30 Horse Collar
34:24 Husbandry
35:57 Silk Armor
36:11 Forging
37:06 Stone Mining
37:08 Town Watch
40:49 Iron Casting
ふわふわ☆お姫様
0:32 Loom
10:20 Feudal Age
12:43 Double-Bit Axe
18:32 Castle Age
17:39 Horse Collar
17:50 Gold Mining
19:45 Thumb Ring
19:34 Fletching
19:44 Padded Archer Armor
20:04 Bow Saw
20:33 Gold Shaft Mining
30:05 Elite Skirmisher
34:25 Bodkin Arrow
34:45 Leather Archer Armor
37:09 Nomads
40:05 Wheelbarrow
39:15 Town Watch
42:49 Imperial Age
43:04 Elite Mangudai
44:05 Conscription
Ballin' Like Bill, End @McDank's
10:07 Loom
12:22 Feudal Age
12:56 Horse Collar
13:01 Double-Bit Axe
17:27 Castle Age
20:25 Bow Saw
22:45 Loom
26:02 Heavy Plow
29:19 Fletching
28:52 Crossbowman
29:45 Thumb Ring
34:41 Fortified Wall
34:52 Ballistics
34:54 Gold Mining
35:17 Bodkin Arrow
35:13 Town Watch
38:32 Wheelbarrow
40:33 Imperial Age
39:08 Padded Archer Armor
40:40 Leather Archer Armor
40:49 Arbalester
41:37 Bracer
43:41 Chemistry
44:13 Ring Archer Armor
49:07 Conscription
Connection lost

Rejoining the realm…

Still unreachable

The connection could not be restored.

Session expired

The server has moved on; the page needs a fresh start.